 Dungeon Crawl Stone Soup version 0.30-a0-364-gf6b3ef1049 (webtiles) character file.

Game seed: 6213776088005898136

414 purpskrrrp the Grave Robber (level 6, -4/41 HPs)
             Began as a Mummy Necromancer on Nov 14, 2022.
             Shot with an arrow by a centaur (10 damage)
             ... on level 5 of the Dungeon.
             The game lasted 00:11:03 (4192 turns).

purpskrrrp the Grave Robber (Mummy Necromancer)     Turns: 4192, Time: 00:11:04

Health: -4/41      AC:  3    Str: 11    XL:     6   Next: 60%
Magic:  2/14       EV: 12    Int: 16    God:
Gold:   255        SH:  0    Dex: 17    Spells: 10/15 levels left

rFire   x . .      SeeInvis .    j - +4 hand axe "Icaerua" {pain, rN+ Dex+4}
rCold   + . .      Faith    +    (no shield)
rNeg    + + +      Spirit   .    a - +0 robe
rPois   ∞          Reflect  .    (no helmet)
rElec   .          Harm     .    (no cloak)
rCorr   +          Rampage  .    (no gloves)
Will    .....                    i - +0 pair of boots
Stlth   ++........               (no amulet)
HPRegen 0.26/turn                c - ring of resist corrosion
MPRegen 0.14/turn                (no ring)

@: no status effects
A: cold resistance 1, negative energy resistance 3, torment resistance 2, heat
vulnerability 1, in touch with death 1, no potions, faith
a: no special abilities


You were on level 5 of the Dungeon.
You visited 1 branch of the dungeon, and saw 5 of its levels.

You collected 255 gold pieces.

Inventory:

Hand Weapons
 b - a +1 flail
 j - the +4 hand axe "Icaerua" (weapon) {pain, rN+ Dex+4}
   (You found it on level 3 of the Dungeon)

   In the hands of one skilled in necromantic magic, it inflicts extra damage on
   living creatures.
   Dex:       It affects your dexterity (+4).
   rN:        It protects you from negative energy.
Armour
 a - a +0 robe (worn)
 i - a +0 pair of boots (worn)
Jewellery
 c - a ring of resist corrosion (left hand)
 f - a ring of fire
Wands
 n - a wand of mindburst (10)
Scrolls
 e - 2 scrolls of magic mapping
 h - 2 scrolls of noise


   Skills:
 - Level 1.6 Dodging
 - Level 1.6 Stealth
 + Level 5.3 Spellcasting
 * Level 6.9 Necromancy


You had 10 spell levels left.
You knew the following spells:

 Your Spells              Type           Power      Damage    Failure   Level
a - Necrotise             Necr           100%       1d9       1%          1
b - Animate Dead          Necr           39%        N/A       9%          4

Your spell library contained the following spells:

 Spells                   Type           Power      Damage    Failure   Level
 Vampiric Draining        Necr           39%        2d8       2%          3
 Magic Dart               Conj           16%        1d3       14%         1
 Sting                    Tmut/Pois      16%        1d3       14%         1
 Call Imp                 Summ           4%         N/A       22%         2
 Poisonous Vapours        Pois/Air       8%         N/A       22%         2
 Agony                    Necr           39%        N/A       24%         5
 Mephitic Cloud           Conj/Pois/Air  4%         N/A       41%         3
 Olgreb's Toxic Radiance  Pois           4%         N/A       82%         4


Dungeon Overview and Level Annotations

Branches:
Dungeon (5/15)
 Temple: D:4-7

Altars:
Makhleb
Qazlal
Vehumet


Innate Abilities, Weirdness & Mutations

You are immune to poison.
Your flesh is cold resistant. (rC+)
You are immune to negative energy. (rN+++)
You are immune to unholy pain and torment.
You are vulnerable to heat. (rF-)
You are in touch with the powers of death.
You do not drink.
You have a special connection with the divine. (Faith)


Message History

You swap places.
The centaur hits your butterfly.
Your butterfly dies!
Your butterfly disappears in a burst of colours!
The necrophage misses your butterfly.
The water moccasin bites your butterfly.
Your butterfly dies!
Your butterfly disappears in a burst of colours!
You swap places.
The centaur closely misses your butterfly.
The centaur kicks your butterfly.
Your butterfly dies!
Your butterfly disappears in a burst of colours!
Your butterfly disappears in a burst of colours!
The centaur hits your butterfly.
Your butterfly dies!
Your butterfly disappears in a burst of colours!
The necrophage hits your butterfly.
Your butterfly dies!
Your butterfly disappears in a burst of colours!
The water moccasin bites your butterfly!
Your butterfly dies!
Your butterfly disappears in a burst of colours!
The necrophage hits your butterfly.
Your butterfly dies!
Your butterfly disappears in a burst of colours!
The water moccasin misses your butterfly.
The necrophage closely misses your butterfly.
The water moccasin closely misses your butterfly.
Your butterfly disappears in a burst of colours!
The centaur wields a +2 antimagic shortbow.
The centaur shoots an arrow.
The arrow hits you!
* * * LOW HITPOINT WARNING * * *
You feel your power leaking away.
Found 15 gold pieces.
Your butterfly disappears in a burst of colours!
Found 11 gold pieces.
There is a stone staircase leading up here.
The centaur wields a +2 antimagic shortbow.
The centaur shoots an arrow.
The arrow hits you!
You die...

..#..⌠..#...#.....bb.b..bb.b..+
#.....#.....bb.bb..bb...b..#### #
###.#####.###b...Sb......b.##..
..#..[..#..8..#b..bcb.n......'b..
..#...[.#.....#c######....b..#...
#....!...8.8.8.......#.......#b.b
..#.....#.....#......#.......##..
..#.....#..8..#b.b...#.......##..
# ###.#####.###.@b...#b.b........
..#.....#.........$..#..b........
..#.....#............#...b...b...
.....................#....b.b.b..
..#.....#.###........#.b....bbb..
..#.....#...#.......$#b.bbbb..b.b
..###.###...#........+.......bb..
....).......#........#.......b...
#..........# #...........


You could see a centaur.

Vanquished Creatures
  A phantom (D:4)
  A crimson imp (D:4)
  2 hounds
  2 iguanas (D:5)
  An orc wizard (D:5)
  4 gnolls
  5 adders
  An ufetubus (D:4)
  3 dart slugs
  2 orcs (D:4)
  12 ball pythons
  7 endoplasms
  2 giant cockroaches
  6 hobgoblins
  A quokka (D:1)
  10 bats
  2 frilled lizards (D:1)
  9 goblins
  4 kobolds
  6 rats
81 creatures vanquished.

Vanquished Creatures (collateral kills)
  A worm (D:5)
  A dart slug (D:2)
  2 endoplasms
  A frilled lizard (D:1)
  A rat (D:2)
6 creatures vanquished.

Grand Total: 87 creatures vanquished

Notes
Turn   | Place    | Note
-------+----------+-------------------------------------------
     0 | D:1      | purpskrrrp the Mummy Necromancer began the quest for the
                  | Orb.
     0 | D:1      | Reached XP level 1. HP: 13/13 MP: 4/4
   266 | D:1      | Reached XP level 2. HP: 19/19 MP: 3/6
   810 | D:1      | Gained mutation: You are in touch with the powers of death.
                  | [Mummy growth]
   810 | D:1      | Reached XP level 3. HP: 24/24 MP: 5/7
  1221 | D:2      | Reached skill level 5 in Necromancy
  1449 | D:2      | Reached XP level 4. HP: 30/30 MP: 3/9
  1954 | D:2      | Learned a level 4 spell: Animate Dead
  2259 | D:3      | Identified the +4 hand axe "Icaerua" {pain, rN+ Dex+4}
  2617 | D:3      | Reached XP level 5. HP: 32/35 MP: 8/11
  3121 | D:4      | Found a stormy altar of Qazlal.
  3163 | D:4      | Found a burning altar of Makhleb.
  3164 | D:4      | Found a radiant altar of Vehumet.
  3206 | D:4      | Reached skill level 6 in Necromancy
  3475 | D:4      | Noticed a phantom
  3485 | D:4      | Killed a phantom
  3486 | D:4      | Reached XP level 6. HP: 36/41 MP: 4/13
  3736 | D:4      | Reached skill level 5 in Spellcasting
  3975 | D:5      | Entered Level 5 of the Dungeon
  4142 | D:5      | Noticed a water moccasin
  4192 | D:5      | Shot with an arrow by a centaur

Illustrated notes

Levels and vault maps discovered:
D:1:      eino_arrival_water_star, layout_loops_cross
D:2:      layout_basic, grunt_ministairs_9, kennysheep_generic_room_2
D:3:      layout_basic
D:4:      layout_loops_cross, grunt_temple_overflow_lords_of_destruction,
          old_standard_altar, chequers_serial_rivers_micro_d,
          reono_crystal_passage
D:5:      layout_gridville, minmay_chambers_of_fives

Skill      XL: |  1  2  3  4  5  6 |
---------------+-------------------+-----
Spellcasting   | 3 4 5 |  5.3
Necromancy     | 5 6 |  6.9
Dodging        | |  1.6
Stealth        | |  1.6

Action                   |  1- 3 |  4- 6 || total
-------------------------+-------+-------++-------
Melee: Unarmed           |    43 |     7 ||    50
       Flail             |       |     7 ||     7
       Hand axe          |       |    60 ||    60
 Cast: Necrotise         |    63 |    68 ||   131
       Animate Dead      |       |     3 ||     3
  Use: Scroll            |     2 |    10 ||    12
Armor: Robe              |    14 |    18 ||    32
Dodge: Dodged            |    41 |    55 ||    96

Table legend: (Time is in decaauts)
 A = Elapsed time spent in this place.
 B = Non-inter-level travel time spent in this place.
 C = Inter-level travel time spent in this place.
 D = Time resting spent in this place.
 E = Time spent auto-exploring this place.
 F = Levels seen in this place.
 G = Mean time per level.
                   A        B        C        D        E       F      G
               +--------+--------+--------+--------+--------+-----+--------+
         Total |   4212 |   4065 |    147 |    314 |   3174 |   5 |  842.4 |
       Dungeon |   4212 |   4065 |    147 |    314 |   3174 |   5 |  842.4 |
               +--------+--------+--------+--------+--------+-----+--------+

Top non-repeatable levels by time:
     D:1: 1054 daAuts
     D:3: 998 daAuts
     D:2: 985 daAuts
     D:4: 955 daAuts
     D:5: 218 daAuts
